 Dungeon Crawl Stone Soup version 0.29-a0-218-gf2abdc9806 (webtiles) character file.

Game seed: 293762570593252884

547 Ordine the Chopper (level 7, -3/43 HPs)
             Began as a Tengu Fighter on Feb 25, 2022.
             Was an Initiate of Okawaru.
             Slain by an ogre
             ... wielding a +0 giant spiked club
              (11 damage)
             ... on level 5 of the Dungeon.
             The game lasted 00:12:07 (4996 turns).

Ordine the Chopper (Tengu Fighter)                  Turns: 4996, Time: 00:12:07

Health: -3/43      AC:  9    Str: 19    XL:     7   Next: 28%
Magic:  8/8        EV:  9    Int:  8    God:    Okawaru [......]
Gold:   232        SH:  5    Dex: 13    Spells: 6/6 levels left

rFire   . . .      SeeInvis .   a - +0 war axe
rCold   . . .      Faith    .   c - +0 buckler
rNeg    . . .      Spirit   .   f - +0 chain mail
rPois   .          Reflect  .   (helmet restricted)
rElec   .          Harm     .   (no cloak)
rCorr   .          Rampage  .   (no gloves)
Will    .....                   (boots unavailable)
Stlth   ..........              (no amulet)
HPRegen 0.14/turn               (no ring)
MPRegen 0.11/turn               (no ring)

@: flying quickly and evasively, quick
A: beak, talons 3, nimble flight
a: Renounce Religion


You were on level 5 of the Dungeon.
You worshipped Okawaru.
Okawaru was noncommittal.
You visited 2 branches of the dungeon, and saw 6 of its levels.

You collected 292 gold pieces.
You spent 60 gold pieces at shops.

Inventory:

Hand Weapons
 a - a +0 war axe (weapon)
 x - a +0 broad axe
Armour
 c - a +0 buckler (worn)
 f - a +0 chain mail (worn)
Scrolls
 e - a scroll of fog {unknown}
 g - 2 scrolls of amnesia {unknown}
 h - 4 scrolls of identify {unknown}
 i - a scroll of summoning {unknown}
 j - 2 scrolls of fear {unknown}
 l - 2 scrolls of torment {unknown}
 p - a scroll of vulnerability {unknown}
 r - a scroll of enchant armour {unknown}
 s - 3 scrolls of immolation {unknown}
 u - 2 scrolls of teleportation {unknown}
 w - a scroll of noise {unknown}
Potions
 b - a potion of cancellation {unknown}
 d - a potion of invisibility {unknown}
 k - 2 potions of curing {unknown}
 m - a potion of degeneration {unknown}
 n - a potion of brilliance {unknown}
 o - a potion of haste {unknown}
 q - a potion of attraction {unknown}
 t - a potion of magic {unknown}


   Skills:
 + Level 4.2 Fighting
 * Level 5.2 Axes
 + Level 4.6 Armour
 + Level 2.9 Dodging
 + Level 4.2 Shields


You had 6 spell levels left.
You didn't know any spells.
Your spell library contained the following spells:

 Spells                   Type           Power      Damage    Failure   Level
 Beastly Appendage        Tmut           0%         N/A       99%         1
 Magic Dart               Conj           0%         1d3       99%         1
 Searing Ray              Conj           0%         2d4       100%        2
 Wereblood                Tmut           0%         N/A       100%        2
 Ozocubu's Armour         Ice            0%         N/A       100%        3
 Spider Form              Tmut/Pois      0%         N/A       100%        3
 Fulminant Prism          Conj/Hex       0%         3d6       100%        4
 Metabolic Englaciation   Hex/Ice        0%         N/A       100%        5
 Summon Small Mammal      Summ           Unusable   N/A       N/A         1
 Call Canine Familiar     Summ           Unusable   N/A       N/A         3
 Summon Guardian Golem    Hex/Summ       Unusable   N/A       N/A         3
 Simulacrum               Ice/Necr       Unusable   N/A       N/A         6

Dungeon Overview and Level Annotations

Branches:
Dungeon (5/15)             Temple (1/1) D:5

Altars:
Ashenzari
Cheibriados
Dithmenos
Elyvilon
Fedhas
Gozag
Hepliaklqana
Kikubaaqudgha
Makhleb
Nemelex Xobeh
Okawaru
Qazlal
Ru
Sif Muna
Trog
Vehumet
Wu Jian
Xom
Yredelemnul
Zin
The Shining One

Shops:
D:2 =:[*[


Innate Abilities, Weirdness & Mutations

You have a beak for a mouth.
You have claws for feet.
Your magical nature lets you fly swiftly and evasively.


Message History

The iguana barely misses you.
You barely miss the iguana. You peck the iguana, but do no damage.
The iguana is moderately wounded.
The iguana barely misses you.
You hit the iguana. Your peck misses the iguana.
The iguana is heavily wounded.
The iguana bites you! The iguana closely misses you.
You slash the iguana!
You kill the iguana!
Okawaru accepts your kill.
No target in view!
No target in view!
You reach down and open the door.
There is an open door here.
A hound comes into view.
The hound barks!
You closely miss the hound. Your kick misses the hound.
The hound closely misses you. The hound bites you but does no damage.
You slash the hound! You claw the hound.
You kill the hound!
Okawaru accepts your kill.
No target in view!
No target in view!
You see here a hound corpse.
An ogre comes into view. It is wielding a +0 giant spiked club.
The ogre shouts!
The ogre hits you but does no damage.
You hit the ogre but do no damage. Your kick misses the ogre.
You peck the ogre.
The ogre is lightly wounded.
The ogre hits you with a +0 giant spiked club!!
You hit the ogre. Your peck misses the ogre.
The ogre is lightly wounded.
The ogre hits you with a +0 giant spiked club!
* * * LOW HITPOINT WARNING * * *
You are too injured to fight recklessly!
You hit the ogre. You claw the ogre! You peck the ogre.
The ogre is heavily wounded.
The ogre hits you with a +0 giant spiked club!
You die...

.... #.....#
..... #....
.....####...
..........#
.....$....#
..........+
..........####
###+##...O...#
#...@...#
#.......#
#.......#
#.......#
#.......#
#....†..####
#####.......#
#...#.......#
#...#.......#


You could see an ogre.

Vanquished Creatures
  2 black bears (D:4)
  An ogre (D:4)
  A hound (D:5)
  Terence (D:2)
  2 iguanas
  3 gnolls (D:4)
  5 adders
  A river rat (D:5)
  2 worms (D:2)
  2 dart slugs
  4 orcs (D:4)
  10 ball pythons
  10 endoplasms
  5 giant cockroaches
  2 hobgoblins (D:2)
  7 kobolds
  5 quokkas
  9 bats
  10 goblins
  2 rats
84 creatures vanquished.

Notes
Turn   | Place    | Note
-------+----------+-------------------------------------------
     0 | D:1      | Ordine the Tengu Fighter began the quest for the Orb.
     0 | D:1      | Reached XP level 1. HP: 14/14 MP: 2/2
   305 | D:1      | Reached XP level 2. HP: 19/19 MP: 3/3
   824 | D:1      | Reached XP level 3. HP: 22/23 MP: 4/4
  1352 | D:2      | Found Wiry's Armour Emporium.
  1353 | D:2      | Found Ceaggum's Book Shoppe.
  1438 | D:2      | Noticed Terence
  1501 | D:2      | Killed Terence
  1502 | D:2      | Reached skill level 3 in Axes
  1502 | D:2      | Reached skill level 1 in Dodging
  1742 | D:2      | Found a faded altar of an unknown god.
  1790 | D:2      | Reached XP level 4. HP: 21/28 MP: 5/5
  1955 | D:2      | Found Doah's Jewellery Boutique.
  2090 | D:2      | Found Zuwot's Assorted Antiques.
  2101 | D:2      | Bought a scroll labelled USTRIVA BIGA for 22 gold pieces
  2101 | D:2      | Bought a puce potion for 19 gold pieces
  2101 | D:2      | Bought a metallic amethyst potion for 19 gold pieces
  2228 | D:2      | Found Golupisa's Antique Armour Shop.
  2943 | D:3      | Gained mutation: Your magical nature lets you fly swiftly
                  | and evasively. [Tengu growth]
  2943 | D:3      | Reached XP level 5. HP: 32/32 MP: 6/6
  3180 | D:4      | Noticed a black bear
  3186 | D:4      | Noticed a black bear
  3187 | D:4      | Killed a black bear
  3188 | D:4      | Reached skill level 4 in Axes
  3188 | D:4      | Reached XP level 6. HP: 29/38 MP: 7/7
  3192 | D:4      | Killed a black bear
  3449 | D:4      | Found Cuehiz's Self-Improvement Boutique.
  3751 | D:4      | Reached skill level 5 in Axes
  3751 | D:4      | Reached XP level 7. HP: 43/43 MP: 8/8
  3986 | D:5      | Entered Level 5 of the Dungeon
  3990 | D:5      | Found a staircase to the Ecumenical Temple.
  3999 | Temple   | Entered the Ecumenical Temple
  4005 | Temple   | Became a worshipper of Warmaster Okawaru
  4996 | D:5      | Slain by an ogre

Illustrated notes

Levels and vault maps discovered:
D:1:      dpeg_arrival_solitude, layout_loops_corners
D:2:      layout_basic, serial_shops, nicolae_lakefront_shop,
          nicolae_shop_overgrown_old_shop, shop_fountains, shop, shop,
          dilly_ecumenical_altar_fadedgnrine, uniq_terence
D:3:      layout_rooms
D:4:      layout_cave_pools, minivault_27, nicolae_shop_self_help
D:5:      layout_gridville, minmay_temple_entry_waves,
          cheibrodos_sewer_entry_sluice, uniq_prince_ribbit1
Temple:   nicolae_temple_the_god_donut

Skill      XL: |  1  2  3  4  5  6 |
---------------+-------------------+-----
Axes           | 3 4 5 |  5.2
Dodging        | 1 2 |  2.9
Armour         | 4 |  4.6
Shields        | 4 |  4.2
Fighting       | 4 |  4.2

Action                   |  1- 3 |  4- 6 |  7- 9 || total
-------------------------+-------+-------+-------++-------
Melee: War axe           |    61 |   100 |    19 ||   180
       Kick              |    17 |    25 |     4 ||    46
       Peck              |     6 |    14 |     5 ||    25
  Use: Potion            |     1 |     1 |       ||     2
Armor: Scale mail        |     6 |       |       ||     6
       Chain mail        |    21 |    52 |    10 ||    83
Dodge: Dodged            |    19 |    35 |     8 ||    62
Block: Buckler           |    15 |    22 |     6 ||    43

Table legend: (Time is in decaauts)
 A = Elapsed time spent in this place.
 B = Non-inter-level travel time spent in this place.
 C = Inter-level travel time spent in this place.
 D = Time resting spent in this place.
 E = Time spent auto-exploring this place.
 F = Levels seen in this place.
 G = Mean time per level.
                   A        B        C        D        E       F      G
               +--------+--------+--------+--------+--------+-----+--------+
         Total |   4906 |   4784 |    122 |      0 |   4122 |   6 |  817.7 |
       Dungeon |   4290 |   4202 |     88 |      0 |   3560 |   5 |  858.0 |
        Temple |    616 |    583 |     33 |      0 |    562 |   1 |  616.0 |
               +--------+--------+--------+--------+--------+-----+--------+

Top non-repeatable levels by time:
     D:2: 1400 daAuts
     D:1: 1341 daAuts
     D:4: 803 daAuts
  Temple: 616 daAuts
     D:3: 433 daAuts
     D:5: 311 daAuts
